AoeStats
← Marbas

Oasis

508293340Analyzed
4v4 RM · 11d ago on Sep 21, 2026· 26m 53s· 8 players
Game mode
Random Map
Map size
Large (8 player)
Population
200
Speed
Normal
Resources
Standard
Victory
Conquest
Starting age
Dark Age
Ending age
Imperial Age
RankedLock teamsTeams togetherTeam positionsShared explorationLock speedFull tech treeHidden civsTurbo modeCheats
Victory
Defeat
🇬🇧 Mongols · United Kingdom
1818
+10
🇷🇺 Britons · Russia
1762
+12
🇩🇪 Lithuanians · Germany
1709
+14
🇷🇺 Ethiopians · Russia
1660
+15
🇦🇹 Cumans · Austria
1679
-13
🇩🇪 Saracens · Germany
1670
-13
🇩🇪 Jurchens · Germany
1663
-13
🇺🇸 Ethiopians · United States
1649
-12
[Liiit] Zbyszek
6:27 Loom
8:52 Feudal Age
9:28 Double-Bit Axe
10:35 Horse Collar
19:13 Castle Age
17:48 Forging
18:21 Bloodlines
19:26 Wheelbarrow
19:04 Scale Barding Armor
20:16 Chain Barding Armor
21:11 Bow Saw
23:09 Wheelbarrow
23:49 Gold Mining
25:18 Heavy Plow
26:51 Hand Cart
Marbas
7:04 Loom
9:23 Feudal Age
9:56 Double-Bit Axe
12:19 Fletching
17:54 Horse Collar
24:10 Castle Age
22:42 Gold Mining
23:05 Padded Archer Armor
24:13 Crossbowman
24:51 Bodkin Arrow
25:24 Bow Saw
27:23 Wheelbarrow
PLEBUSHEK
6:33 Loom
8:48 Feudal Age
9:24 Double-Bit Axe
13:07 Fletching
16:26 Wheelbarrow
21:22 Castle Age
20:14 Gold Mining
20:20 Horse Collar
22:03 Bodkin Arrow
21:29 Crossbowman
22:34 Bow Saw
27:19 Ballistics
Torpedo
7:54 Feudal Age
10:55 Loom
11:47 Double-Bit Axe
12:17 Horse Collar
13:53 Forging
14:44 Bloodlines
15:33 Scale Barding Armor
22:48 Castle Age
21:06 Gold Mining
23:18 Light Cavalry
24:22 Chain Barding Armor
24:21 Husbandry
25:12 Wheelbarrow
25:55 Iron Casting
26:46 Heavy Plow
27:06 Bow Saw
27:17 Town Watch
Obuk
9:15 Feudal Age
9:55 Double-Bit Axe
10:55 Horse Collar
14:07 Loom
16:33 Forging
16:49 Bloodlines
18:48 Scale Barding Armor
23:09 Wheelbarrow
26:27 Castle Age
26:35 Gold Mining
number5
4:13 Loom
11:31 Feudal Age
26:26 Castle Age
Xololo
5:16 Loom
9:09 Feudal Age
20:22 Double-Bit Axe
21:06 Horse Collar
24:14 Wheelbarrow
MacesB
8:47 Feudal Age
9:20 Double-Bit Axe
10:05 Horse Collar
12:00 Loom
16:26 Wheelbarrow
19:05 Bloodlines
19:50 Forging
20:29 Scale Barding Armor
26:58 Castle Age
Connection lost

Rejoining the realm…

Still unreachable

The connection could not be restored.

Session expired

The server has moved on; the page needs a fresh start.